 Dungeon Crawl Stone Soup version 0.30-a0-329-g85436e0a43 (webtiles) character file.

Game seed: 10533063766419341260

3036 KennySheep the Conjurer (level 9, -6/69 HPs)
             Began as a Demigod Conjurer on Oct 28, 2022.
             Killed from afar by Erica (28 damage)
             ... with a lance of force
             ... on level 8 of the Dungeon.
             The game lasted 00:36:13 (10401 turns).

KennySheep the Conjurer (Demigod Conjurer)         Turns: 10401, Time: 00:36:14

Health: -6/69      AC:  4    Str:  6    XL:     9   Next: 31%
Magic:  16/16      EV: 12    Int: 31    God:
Gold:   443        SH:  0    Dex: 19    Spells: 2/13 levels left

rFire   . . .      SeeInvis .    a - +1 dagger (pain)
rCold   . . .      Faith    .    (no shield)
rNeg    . . .      Spirit   .    j - +0 robe
rPois   .          Reflect  .    (no helmet)
rElec   .          Harm     .    f - scarf {+Inv}
rCorr   .          Rampage  .    (no gloves)
Will    .....                    (no boots)
Stlth   +++.......               r - amulet of regeneration
HPRegen 1.11/turn                (no ring)
MPRegen 0.15/turn                (no ring)

@: mighty, very slightly contaminated
A: high MP 1, forlorn, divine attributes, iridescent scales 1, agile 1, clever 1
a: Evoke Invisibility


You were on level 8 of the Dungeon.
You visited 1 branch of the dungeon, and saw 8 of its levels.
You also visited: Sewer.

You collected 443 gold pieces.

Inventory:

Hand Weapons
 a - a +1 dagger of pain (weapon)
 b - a +2 short sword of venom
Missiles
 n - a throwing net
Armour
 f - a scarf of invisibility (worn)
 j - a +0 robe (worn)
Magical Staves
 g - a staff of cold
Jewellery
 r - an amulet of regeneration (around neck)
Wands
 w - a wand of mindburst (11)
 y - a wand of flame (44)
Scrolls
 c - 3 scrolls of noise
 k - 5 scrolls of teleportation
 l - 2 scrolls of poison
 o - a scroll of identify
 p - 2 scrolls of enchant armour
 q - a scroll of fog
 t - a scroll of amnesia
 u - 6 scrolls of fear
Potions
 e - a potion of cancellation {unknown}
 h - a potion of haste {unknown}
 i - 2 potions of brilliance
 s - a potion of ambrosia {unknown}
 v - a potion of heal wounds
 x - a potion of curing
 A - a potion of attraction {unknown}


   Skills:
 + Level 3.0 Fighting
 + Level 2.9 Short Blades
 - Level 1.7 Dodging
 + Level 3.9 Stealth
 + Level 2.8 Spellcasting
 * Level 7.9 Conjurations
 + Level 3.3 Necromancy
 * Level 6.8 Translocations
 - Level 1.1 Evocations


You had 2 spell levels left.
You knew the following spells:

 Your Spells              Type           Power      Damage    Failure   Level
a - Magic Dart            Conj           100%       1d8       1%          1
b - Searing Ray           Conj           100%       2d8       1%          2
c - Iskenderun's Mystic   Conj/Tloc      50%        2d11      3%          4
d - Passage of Golubria   Tloc           47%        N/A       4%          4

Your spell library contained the following spells:

 Spells                   Type           Power      Damage    Failure   Level
 Freeze                   Ice            16%        1d4       7%          1
 Dazzling Flash           Conj/Hex       56%        N/A       4%          3
 Hailstorm                Conj/Ice       28%        3d8       4%          3
 Vhi's Electric Charge    Tloc/Air       50%        N/A       4%          3
 Flame Wave               Conj/Fire      28%        2d9       14%         4
 Fulminant Prism          Conj/Hex       14%        3d9       14%         4
 Sticky Flame             Conj/Fire      28%        2d5       14%         4
 Frozen Ramparts          Ice            8%         1d2       21%         3
 Inner Flame              Hex/Fire       4%         N/A       21%         3
 Tukima's Dance           Hex            4%         N/A       21%         3
 Dispersal                Tloc           23%        N/A       52%         6
 Silence                  Hex/Air        2%         N/A       88%         5
 Yara's Violent Unravell  Hex/Tmut       2%         3d3       88%         5
 Lehudib's Crystal Spear  Conj/Erth      14%        10d5      100%        8


Dungeon Overview and Level Annotations

Branches:
Dungeon (8/15)             Temple (0/1) D:4           Sewer (visited)
   Lair: D:8-11

Shops:
D:4 [

Annotations:
D:8 Erica, Maggie, Maurice


Innate Abilities, Weirdness & Mutations

You have an increased reservoir of magic. (+10% MP)
You shall have no god before yourself.
Your divine heritage dramatically boosts your attributes as you level up.
You are partially covered in iridescent scales. (AC +2)
You are agile. (Dex +4, Str/Int -1)
Your mind is acute. (Int +4, Str/Dex -1)


Message History

You erupt in a blast of force!
The mystic blast hits Erica!
Erica is moderately wounded.
Erica is knocked back by the mystic blast.
Erica slams into the rock wall!
Erica is moderately wounded.
Casting: Iskenderun's Mystic Blast (dangerous; 3% risk of failure)
Confirm with . or Enter, or press ? or * to list all spells.
You miscast Iskenderun's Mystic Blast.
You are very lightly contaminated with residual magic.
Nothing appears to happen.
Erica drinks a potion.
Erica seems to grow stronger.
Casting: Iskenderun's Mystic Blast (dangerous; 3% risk of failure)
Confirm with . or Enter, or press ? or * to list all spells.
You erupt in a blast of force!
The mystic blast hits Erica.
Erica is heavily wounded.
Erica is knocked back by the mystic blast.
Erica slams into the rock wall!
Erica is heavily wounded.
Casting: Iskenderun's Mystic Blast (dangerous; 3% risk of failure)
Confirm with . or Enter, or press ? or * to list all spells.
You erupt in a blast of force!
The mystic blast hits Erica.
Erica is heavily wounded.
Erica is knocked back by the mystic blast.
Erica slams into the rock wall!
You feel very mighty all of a sudden.
Erica hits you with a +1 scimitar of flaming!
Erica burns you.
You barely miss Erica.
Erica is heavily wounded.
You puncture Erica!
Erica writhes in agony.
Erica is severely wounded.
Erica hits you with a +1 scimitar of flaming!
Erica burns you.
You hit Erica.
Erica writhes in agony.
Erica is almost dead.
Erica hits you with a +1 scimitar of flaming!!
Erica burns you. Magic courses through your body.
Erica points at you and mumbles some strange words.
The lance of force hits you!!
You die...

#...## #.# #.... ###.###
#.###.... #....#
####.##.....
#....########...........
#....#..................
####....######......##...
........## ##....####...
.....@..######.....# ##..
.........#@.........#
##..
.........#@#####....#
#... ####.......# #....#
##... #..###### ######
#..## ### ########..##
#....#....## #.......####
#......## # #....### #


You could see Erica (strong).

Vanquished Creatures
  Pikel (D:6)
  Joseph (D:7)
  A wyvern (D:8)
  A water moccasin (D:7)
  An orc warrior (D:7)
  3 ice beasts
  A sky beast (D:7)
  4 ogres
  A centaur (D:6)
  2 bullfrogs (Sewer)
  Blork the orc (D:4)
  2 scorpions (D:4)
  A howler monkey (D:6)
  5 hounds
  A jelly (D:6)
  2 orc priests
  An iguana (D:4)
  3 orc wizards
  12 adders
  A river rat (D:5)
  2 shadow imps
  3 worms
  3 dart slugs
  9 orcs
  6 bats
  10 endoplasms
  10 giant cockroaches
  9 goblins
  6 hobgoblins
  8 jackals
  8 quokkas
  10 ball pythons
  14 frilled lizards
  7 kobolds
  8 rats
158 creatures vanquished.

Vanquished Creatures (collateral kills)
  An orc warrior (D:7)
  A jelly (D:7)
  An orc priest (D:7)
  An orc (D:7)
4 creatures vanquished.

Grand Total: 162 creatures vanquished

Notes
Turn   | Place    | Note
-------+----------+-------------------------------------------
     0 | D:1      | KennySheep the Demigod Conjurer began the quest for the
                  | Orb.
     0 | D:1      | Reached XP level 1. HP: 14/14 MP: 5/5
   368 | D:1      | Reached XP level 2. HP: 20/20 MP: 0/7
   562 | D:1      | Reached skill level 1 in Translocations
  1176 | D:1      | Reached skill level 4 in Conjurations
  1234 | D:1      | Learned a level 2 spell: Searing Ray
  1331 | D:1      | Reached XP level 3. HP: 26/26 MP: 4/8
  2591 | D:3      | Reached XP level 4. HP: 19/33 MP: 1/10
  2892 | D:3      | Reached skill level 1 in Necromancy
  2892 | D:3      | Reached skill level 1 in Evocations
  3155 | D:3      | Learned a level 4 spell: Iskenderun's Mystic Blast
  3763 | D:3      | Gained mutation: You sometimes lose your temper in combat.
                  | [potion of mutation]
  3763 | D:3      | Gained mutation: Armour fits poorly on your strangely
                  | shaped body. [potion of mutation]
  3763 | D:3      | Gained mutation: You are partially covered in iridescent
                  | scales. (AC +2) [potion of mutation]
  3939 | D:4      | Noticed an ogre
  4229 | D:4      | Reached XP level 5. HP: 37/38 MP: 2/11
  4454 | D:4      | Found Falosm's Armour Shoppe.
  4487 | D:4      | Reached skill level 5 in Conjurations
  4619 | D:4      | Killed an ogre
  4620 | D:4      | Reached XP level 6. HP: 8/45 MP: 3/12
  5074 | D:4      | Found a staircase to the Ecumenical Temple.
  5222 | D:4      | Noticed Blork the orc
  5230 | D:4      | Killed Blork the orc
  5639 | D:5      | Entered Level 5 of the Dungeon
  5675 | D:5      | Found a glowing drain.
  5750 | Sewer    | Entered a sewer
  5929 | Sewer    | Reached XP level 7. HP: 50/50 MP: 9/13
  6047 | Sewer    | Reached skill level 6 in Conjurations
  6283 | Sewer    | Got the Tome of Superposition
  6420 | D:4      | Reached skill level 5 in Translocations
  6901 | D:5      | Reached skill level 1 in Short Blades
  7106 | D:6      | Reached skill level 1 in Fighting
  7695 | D:6      | Reached XP level 8. HP: 59/59 MP: 5/14
  7943 | D:6      | Learned a level 4 spell: Passage of Golubria
  8351 | D:6      | Noticed Pikel
  8376 | D:6      | Killed Pikel
  8377 | D:6      | Reached skill level 7 in Conjurations
  8715 | D:7      | Noticed Joseph
  9045 | D:7      | HP: 1/62 [Joseph/sling bullet (19)]
  9491 | D:7      | Reached XP level 9. HP: 59/68 MP: 2/16
  9719 | D:7      | Identified the +11 long sword of a Billion Teeth {vorpal,
                  | Str+3}
  9781 | D:7      | Lost mutation: You sometimes lose your temper in combat.
                  | [potion of mutation]
  9781 | D:7      | Lost mutation: You are partially covered in iridescent
                  | scales. (AC +2) [potion of mutation]
  9781 | D:7      | Gained mutation: You are partially covered in iridescent
                  | scales. (AC +2) [potion of mutation]
  9781 | D:7      | Lost mutation: Armour fits poorly on your strangely shaped
                  | body. [potion of mutation]
  9781 | D:7      | Gained mutation: Your mind is acute. (Int +4, Str/Dex -1)
                  | [potion of mutation]
  9781 | D:7      | Gained mutation: You are agile. (Dex +4, Str/Int -1)
                  | [potion of mutation]
 10154 | D:8      | Noticed Maurice
 10155 | D:8      | Noticed Erica
 10256 | D:7      | Killed Joseph
 10355 | D:8      | Noticed Maggie
 10401 | D:8      | Killed from afar by Erica

Illustrated notes

Levels and vault maps discovered:
D:1:      dpeg_arrival_fog, layout_loops_ring
D:2:      layout_rooms, basic_altar, st_stairs_4, minmay_quantized
D:3:      layout_loops_corners, mainiacjoe_overflow_concentric_impassable,
          lightli_temple_of_fire, chequers_ecumenical_altar_simple_redux
D:4:      cheibrodos_helix_gallery, layout_layer_cave,
          grunt_temple_overflow_gold_and_silver,
          minmay_temple_entry_stoned_glass, serial_shops, nicolae_square_shop,
          uniq_blork_the_orc
D:5:      layout_loops_cross, nicolae_ru_the_path_less_chosen,
          portal_sewer_entry_a
D:6:      layout_layer_cave, uniq_pikel
D:7:      layout_basic, okawaru_metal_pillars_1_2, uniq_joseph
D:8:      layout_rooms, minmay_misc_feat_secret_circle, uniq_maurice,
          uniq_maggie, uniq_erica

Skill      XL: |  1  2  3  4  5  6  7  8  9 |
---------------+----------------------------+-----
Translocations | 1 2 3 4 5 6 |  6.8
Spellcasting   | 2 |  2.8
Conjurations   | 4 5 6 7 |  7.9
Necromancy     | 1 2 3 |  3.3
Evocations     | 1 |  1.1
Stealth        | 2 3 |  3.9
Short Blades   | 1 2 |  2.9
Fighting       | 1 2 3 |  3.0
Dodging        | |  1.7

Action                   |  1- 3 |  4- 6 |  7- 9 || total
-------------------------+-------+-------+-------++-------
Melee: Dagger            |    14 |     4 |    33 ||    51
       Short sword       |     3 |       |     7 ||    10
       Punch             |       |       |     1 ||     1
 Cast: Magic Dart        |    95 |    85 |    41 ||   221
       Searing Ray       |     8 |    20 |    17 ||    45
       Iskenderun's Myst |       |     2 |    32 ||    34
Evoke: Wand              |       |       |     1 ||     1
  Use: Scroll            |     3 |     9 |     3 ||    15
       Potion            |       |     4 |     8 ||    12
Armor: Robe              |     9 |     3 |    11 ||    23
Dodge: Dodged            |    29 |    21 |    56 ||   106

Table legend: (Time is in decaauts)
 A = Elapsed time spent in this place.
 B = Non-inter-level travel time spent in this place.
 C = Inter-level travel time spent in this place.
 D = Time resting spent in this place.
 E = Time spent auto-exploring this place.
 F = Levels seen in this place.
 G = Mean time per level.
                   A        B        C        D        E       F      G
               +--------+--------+--------+--------+--------+-----+--------+
         Total |  10454 |   9745 |    709 |   2492 |   5786 |   9 | 1161.6 |
       Dungeon |   9869 |   9160 |    709 |   2213 |   5745 |   8 | 1233.6 |
         Sewer |    584 |    584 |      0 |    279 |     41 |   1 |  584.0 |
               +--------+--------+--------+--------+--------+-----+--------+

Top non-repeatable levels by time:
     D:6: 2057 daAuts
     D:4: 1671 daAuts
     D:3: 1660 daAuts
     D:1: 1417 daAuts
     D:7: 1039 daAuts
     D:2: 1014 daAuts
     D:5: 780 daAuts
   Sewer: 584 daAuts
     D:8: 227 daAuts
